 Dungeon Crawl Stone Soup version 0.20-a0-350-ga83eecc (webtiles) character file.

3045 esc the Basher (level 9, -1/87 HPs)
             Began as a Tengu Abyssal Knight on Dec 18, 2016.
             Was an Elder of Lugonu.
             Succumbed to a killer bee's poison
             ... on level 9 of the Dungeon on Dec 23, 2016.
             The game lasted 00:23:45 (7189 turns).

esc the Basher (Tengu Abyssal Knight)               Turns: 7189, Time: 00:23:46

Health: -1/87      AC:  8    Str: 21    XL:     9   Next: 87%
Magic:  13/13      EV: 12    Int: 12    God:    Lugonu [****..]
Gold:   352        SH:  0    Dex: 14    Spells: 8/8 levels left

rFire  . . .     SeeInvis .     d - +3 flail (venom)
rCold  + . .     Gourm    .     n - +0 ring mail {rC+}
rNeg   . . .     Faith    .     (no shield)
rPois  .         Spirit   .     (helmet restricted)
rElec  .         Reflect  .     (no cloak)
rCorr  .         Harm     .     y - +1 pair of gloves
MR     .....                    (boots unavailable)
Stlth  ..........               (no amulet)
                                (no ring)
                                (no ring)

@: berserking (expiring), lethally poisoned (-1 -> -37), very quick
A: beak, talons 3, able to fly 1
a: Fly, Depart the Abyss, Bend Space, Banish, Corrupt, Renounce Religion


You were on level 9 of the Dungeon.
You worshipped Lugonu.
Lugonu was greatly pleased with you.
You were not hungry.

You visited 1 branch of the dungeon, and saw 9 of its levels.
You visited the Abyss 1 time.

You collected 442 gold pieces.
You spent 90 gold pieces at shops.

Inventory:

Hand Weapons
 d - a +3 flail of venom (weapon)
   (You took it off Edmund on level 5 of the Dungeon)
Missiles
 t - a throwing net (quivered) {=f, !d}
Armour
 n - a +0 ring mail of cold resistance (worn)
   (You took it off an orc on level 5 of the Dungeon)
 y - a +1 pair of gloves (worn)
   (You found it on level 3 of the Dungeon)
Wands
 v - a wand of confusion (48/48)
   (You took it off an orc on level 6 of the Dungeon)
 D - a wand of flame (18/48)
   (You found it on level 8 of the Dungeon)
Scrolls
 e - 6 scrolls of remove curse
 f - 2 scrolls of recharging
 h - 2 scrolls of amnesia
 p - a scroll of enchant armour
 s - 2 scrolls of fear
Potions
 a - a potion of berserk rage {!q}
 b - a potion of might
 g - a potion of cure mutation {unknown}
 i - 3 potions of agility {unknown}
 j - a potion of curing
 m - a potion of beneficial mutation {unknown}
 q - a potion of lignification {unknown}
 z - a potion of invisibility {unknown}
 A - a potion of brilliance {unknown}
 B - a potion of cancellation {unknown}
Comestibles
 c - 5 bread rations {@e1}
 k - 2 meat rations {@e2}
 o - 2 slices of pizza
 w - 5 fruits
 x - a royal jelly


   Skills:
 + Level 7.7 Fighting
 + Level 8.8 Maces & Flails
 + Level 6.3 Armour
 - Level 3.1 Dodging
 + Level 5.2 Invocations


You had 8 spell levels left.
You didn't know any spells.

Dungeon Overview and Level Annotations

Branches:
Dungeon (9/15)             Temple (0/1) D:6             Orc (0/2) D:9
   Lair: D:8-11

Altars:
Ashenzari
Gozag
Nemelex Xobeh
Uskayaw
Vehumet
Zin

Shops:
D:7 %

Annotations:
D:7 exclusion: statue


Innate Abilities, Weirdness & Mutations

You have a beak for a mouth.
You have claws for feet.
You can fly.


Message History

The killer bee barely misses you. The killer bee stings you. x2
You regained 11 hp, and now have 42/57 hp.
Really quaff
a - 2 potions of berserk rage {!q}?
A red film seems to cover your vision as you go berserk!
You feel yourself moving faster!
You feel mighty!
You feel sick. The killer bee stings you! The killer bee stings you.
The killer bee closely misses you. x2
The killer bee stings you but does no damage.
The killer bee stings you.
You now have 50/85 hp.
You barely miss the killer bee. Your kick misses the killer bee.
You peck the killer bee!
You feel sick. The killer bee stings you. x2
You are more poisoned.
The killer bee poisons you!
The killer bee stings you but does no damage.
The killer bee stings you.
You take 12 damage, and have 38/85 hp.
Unknown command.
Unknown command.
You miss the killer bee. Your kick misses the killer bee.
You feel sick. The killer bee stings you.
You are more poisoned.
The killer bee poisons you! The killer bee stings you!
The killer bee stings you. The killer bee misses you.
You take 12 damage, and have 26/85 hp.
Unknown command.
Unknown command.
Unknown command.
You miss the killer bee. Your kick misses the killer bee.
You feel sick. The killer bee stings you.
* * * LOW HITPOINT WARNING * * *
The killer bee completely misses you. The killer bee barely misses you. x2
You take 4 damage, and have 22/85 hp.
Unknown command.
Unknown command.
Unknown command.
You barely miss the killer bee.
* * * LOW HITPOINT WARNING * * *
You feel sick. The killer bee stings you.
* * * LOW HITPOINT WARNING * * *
The killer bee barely misses you. The killer bee closely misses you.
You take 3 damage, and have 19/85 hp.
You closely miss the killer bee. Your kick misses the killer bee.
* * * LOW HITPOINT WARNING * * *
You feel sick. The killer bee stings you.
* * * LOW HITPOINT WARNING * * *
You are more poisoned.
The killer bee poisons you! The killer bee closely misses you.
The killer bee misses you. The killer bee barely misses you.
You take 3 damage, and have 16/85 hp.
Unknown command.
Unknown command.
You barely miss the killer bee. You claw the killer bee.
You kill the killer bee!
Lugonu accepts your kill.
* * * LOW HITPOINT WARNING * * *
You feel sick. The killer bee stings you.
* * * LOW HITPOINT WARNING * * *
The killer bee stings you but does no damage.
You take 2 damage, and have 14/87 hp.
You barely miss the killer bee. You claw the killer bee!
You peck the killer bee.
You kill the killer bee!
Lugonu accepts your kill.
* * * LOW HITPOINT WARNING * * *
You feel sick. The killer bee barely misses you.
The orc hits you but does no damage.
You take 2 damage, and have 12/87 hp.
You barely miss the killer bee. Your kick misses the killer bee.
Your peck misses the killer bee.
* * * LOW HITPOINT WARNING * * *
You feel sick. The killer bee stings you.
* * * LOW HITPOINT WARNING * * *
You are more poisoned.
The killer bee poisons you!
You take 3 damage, and have 9/87 hp.
Unknown command.
Unknown command.
You are too berserk!
You barely miss the killer bee. Your kick misses the killer bee.
Your peck misses the killer bee.
* * * LOW HITPOINT WARNING * * *
You feel sick. The killer bee stings you.
* * * LOW HITPOINT WARNING * * *
You are more poisoned.
The killer bee poisons you! The orc barely misses you.
The killer bee misses you.
You take 5 damage, and have 4/87 hp.
Unknown command.
Unknown command.
You bludgeon the killer bee!!
You kill the killer bee!
Lugonu accepts your kill.
* * * LOW HITPOINT WARNING * * *
You feel sick. The orc hits you but does no damage.
You take 2 damage, and have 2/87 hp.
You sock the orc!
You kill the orc!
Lugonu accepts your kill.
You die...

**,,,***,,,,,,,,,,,,****,,*,*
**,,,** **,,,,.......,**,,**,*
**,,,** *,,,,,!......,,,,**,,,
***,,,** **,,,,,...)...,,,****+*
,,,,,,*****,,,,,,.......,,**,*,,,
,,,,,,,**,,,,,**,..}....,**_,+,8,
,,,,,,,,,,,,*****......!,,**,*,,,
*,,,,,,,,,,,* ##).....!,,,****+*
**,,,,,,,,,** #@.......,,,,**,,,
*,*,,,,,,,,* #.†......,,,,,**_*
******,,,,,* #...##...,,,,,,***
**,,,,* #...#**,.,,,,,***, **,,,*
##...**,,,,,,,* ** **,,**
*#...*,,,,,,** * *,,,*
*#...,,,,,,,* **,,**
*#...,,,,,,** **,,**
*,,,,,,,,,,**


There were no monsters in sight!

Vanquished Creatures
  Sigmund (D:5)
  A hungry ghost (D:8)
  Edmund (D:5)
  A water moccasin (D:6)
  An orc warrior (D:6)
  3 sky beasts
  A phantom (D:8)
  5 ogres
  4 bullfrogs
  A scorpion (D:6)
  3 killer bees (D:9)
  2 howler monkeys (D:8)
  3 crimson imps
  A bullfrog zombie (D:5)
  A centaur zombie (D:5)
  2 jellies
  3 bullfrog skeletons
  A hound (D:6)
  A centaur skeleton (D:5)
  An orc priest (D:7)
  7 orc wizards
  Jessica (D:3)
  7 worker ants
  A killer bee zombie (D:7)
  A hound zombie (D:8)
  5 gnolls
  15 adders
  A shadow imp (D:6)
  2 oozes
  An adder skeleton (D:4)
  2 worms
  A dart slug (D:2)
  2 leopard geckos
  31 orcs
  3 ball pythons
  A bat (D:1)
  2 giant cockroaches
  7 hobgoblins
  7 jackals
  11 kobolds
  A quokka (D:7)
  6 frilled lizards
  6 goblins
  A jackal skeleton (D:4)
  A leopard gecko zombie (D:7)
  2 quokka skeletons
  A quokka zombie (D:5)
  3 rats
166 creatures vanquished.

Notes
Turn   | Place    | Note
-------+----------+-------------------------------------------
     0 | Abyss:1  | esc the Tengu Abyssal Knight began the quest for the Orb.
     0 | Abyss:1  | Reached XP level 1. HP: 14/14 MP: 3/3
     9 | D:1      | Escaped the Abyss
    12 | D:1      | Upgraded the game from 0.20-a0-303-g575bbf7 to 0.20-a0-309-gcba9277
    12 | D:1      | Upgraded the game from 0.20-a0-309-gcba9277 to 0.20-a0-345-gbfb25ec
    14 | D:1      | Upgraded the game from 0.20-a0-345-gbfb25ec to 0.20-a0-350-ga83eecc
   263 | D:1      | Reached XP level 2. HP: 19/19 MP: 4/4
   422 | D:1      | Reached skill level 3 in Maces & Flails
   994 | D:2      | Reached XP level 3. HP: 7/23 MP: 5/5
  1249 | D:2      | Reached ** piety under Lugonu
  1249 | D:2      | Reached skill level 4 in Maces & Flails
  1641 | D:2      | Reached XP level 4. HP: 28/28 MP: 6/6
  2126 | D:3      | Reached skill level 2 in Dodging
  2264 | D:3      | Gained mutation: You can fly. [Tengu growth]
  2264 | D:3      | Reached XP level 5. HP: 27/32 MP: 7/7
  2444 | D:3      | Noticed Jessica
  2454 | D:3      | Killed Jessica
  2454 | D:3      | Reached skill level 3 in Armour
  2733 | D:3      | Reached *** piety under Lugonu
  3154 | D:4      | Found a sparkling altar of Nemelex Xobeh.
  3154 | D:4      | Found an opulent altar of Gozag.
  3191 | D:3      | Reached skill level 5 in Maces & Flails
  3191 | D:3      | Reached XP level 6. HP: 33/38 MP: 8/8
  3225 | D:4      | Reached skill level 3 in Dodging
  3516 | D:4      | Reached skill level 4 in Fighting
  3663 | D:4      | Reached XP level 7. HP: 37/44 MP: 9/9
  4084 | D:4      | Reached skill level 5 in Fighting
  4084 | D:4      | Reached skill level 6 in Maces & Flails
  4155 | D:5      | Entered Level 5 of the Dungeon
  4478 | D:5      | Noticed Sigmund
  4484 | D:5      | Noticed Edmund
  4512 | D:5      | Killed Edmund
  4512 | D:5      | Reached skill level 2 in Invocations
  4541 | D:5      | Killed Sigmund
  4541 | D:5      | Reached XP level 8. HP: 51/51 MP: 9/11
  4642 | D:5      | Reached skill level 3 in Invocations
  4653 | D:5      | Reached skill level 6 in Fighting
  4653 | D:5      | Reached skill level 7 in Maces & Flails
  5104 | D:6      | Reached skill level 4 in Armour
  5236 | D:6      | Reached **** piety under Lugonu
  5278 | D:6      | Found a shattered altar of Ashenzari.
  5333 | D:6      | Found a staircase to the Ecumenical Temple.
  5517 | D:6      | Reached skill level 4 in Invocations
  5520 | D:6      | Reached XP level 9. HP: 53/56 MP: 11/13
  5875 | D:6      | Reached skill level 5 in Armour
  6075 | D:7      | Found Alory's Food Boutique.
  6192 | D:7      | Reached skill level 7 in Fighting
  6192 | D:7      | Reached skill level 8 in Maces & Flails
  6583 | D:7      | Found Zin's Purification Station.
  6599 | D:7      | Found a glowing silver altar of Zin.
  6606 | D:7      | Bought a potion of curing for 90 gold pieces
  6668 | D:7      | Found a hide-covered altar of Uskayaw.
  6733 | D:7      | Found a radiant altar of Vehumet.
  7062 | D:8      | Reached skill level 5 in Invocations
  7110 | D:8      | Reached skill level 6 in Armour
  7173 | D:9      | HP: 11/57 [killer bee (7)]
  7182 | D:9      | HP: 20/85 [poisoned by a killer bee]
  7186 | D:9      | HP: 9/87 [killer bee (2)]
  7187 | D:9      | HP: 4/87 [killer bee (3)]
  7189 | D:9      | Succumbed to a killer bee's poison

Vault maps used:
D:1:      dpeg_arrival_tiny_i, minivault_24, minmay_misc_feat_chi
D:2:      nrook_mini_backslash
D:3:      minivault_19, minmay_misc_feat_tower, serial_bayou_lagoon_a,
          uniq_jessica
D:4:      grunt_temple_overflow_opulence, serial_glass, glass_columns_b,
          glass_columns_a, glass_columns_b, glass_columns_a, glass_columns_a,
          glass_columns_a
D:5:      first_bread, kennysheep_pointless_box, sigmund_edmund_badplayer,
          uniq_sigmund
D:6:      kennysheep_nub, ashenzari_altar_1
D:7:      eat_drink_and_be_merry_uskayaw, zin_purify, vehumet_statue,
          serial_shops, nicolae_shop_waterfront
D:8:      lair_entry_dummy
D:9:      grunt_temple_overflow_diamond, david_orc_4

Skill      XL: |  1  2  3  4  5  6  7  8  9 |
---------------+----------------------------+-----
Maces & Flails | 3 4 5 6 7 8 |  8.8
Dodging        | 2 3 |  3.1
Armour         | 3 4 6 |  6.3
Fighting       | 4 5 6 7 |  7.7
Invocations    | 2 4 5 |  5.2

Action                   |  1- 3 |  4- 6 |  7- 9 || total
-------------------------+-------+-------+-------++-------
Melee: Whip              |    59 |   145 |    57 ||   261
       Kick              |    13 |    27 |    76 ||   116
       Mace              |     3 |       |       ||     3
       Peck              |     7 |    23 |    53 ||    83
       Flail             |       |       |   257 ||   257
Throw: Throwing net      |       |       |     1 ||     1
Evoke: Wand              |       |       |     1 ||     1
  Use: Scroll            |       |     6 |     7 ||    13
       Potion            |       |     1 |     5 ||     6
 Stab: Sleeping          |     1 |       |       ||     1
  Eat: Chunk             |     2 |     5 |    15 ||    22
       Pizza             |       |     1 |     1 ||     2
       Meat ration       |       |       |     1 ||     1
Armor: Leather armour    |    11 |    29 |    16 ||    56
       Ring mail         |       |       |    93 ||    93
Dodge: Dodged            |    39 |    66 |   196 ||   301

Vault maps used:
D:1:      dpeg_arrival_tiny_i, minivault_24, minmay_misc_feat_chi
D:2:      nrook_mini_backslash
D:3:      minivault_19, minmay_misc_feat_tower, serial_bayou_lagoon_a,
          uniq_jessica
D:4:      grunt_temple_overflow_opulence, serial_glass, glass_columns_b,
          glass_columns_a, glass_columns_b, glass_columns_a, glass_columns_a,
          glass_columns_a
D:5:      first_bread, kennysheep_pointless_box, sigmund_edmund_badplayer,
          uniq_sigmund
D:6:      kennysheep_nub, ashenzari_altar_1
D:7:      eat_drink_and_be_merry_uskayaw, zin_purify, vehumet_statue,
          serial_shops, nicolae_shop_waterfront
D:8:      lair_entry_dummy
D:9:      grunt_temple_overflow_diamond, david_orc_4

Table legend:
 A = Turns spent in this place as a percentage of turns spent in the entire game.
 B = Non-inter-level travel turns spent in this place as a percentage of non-inter-level travel turns spent in the entire game.
 C = Inter-level travel turns spent in this place as a percentage of turns spent in this place.
 D = Turns resting spent in this place as a percentage of non-inter-level travel turns spent in this place.
 E = Turns spent auto-exploring this place as a percentage of non-inter-level travel turns spent in this place.
 F = Non-inter-level travel turns spent in this place divided by the number of levels of this place that you've seen.
                   A       B       C       D       E      F
               +-------+-------+-------+-------+-------+----------------------
         Total | 100.0 | 100.0 |   0.5 |   2.7 |   8.1 | 216.5
       Dungeon |  99.5 |  99.5 |   0.5 |   2.7 |   8.1 | 239.4
         Abyss |   0.5 |   0.5 |   0.0 |   0.0 |   0.0 |  10.0
               +-------+-------+-------+-------+-------+----------------------

Table legend:
 A = Kills in this place as a percentage of kills in entire the game.
 B = Kills by you in this place as a percentage of kills by you in the entire game.
 C = Kills by friends in this place as a percentage of kills by friends in the entire game.
 D = Other kills in this place as a percentage of other kills in the entire game.
 E = Experience gained in this place as a percentage of experience gained in the entire game.
 F = Experience gained in this place divided by the number of levels of this place that you have seen.
                   A       B       C       D       E      F
               +-------+-------+-------+-------+-------+----------------------
         Total | 100.0 | 100.0 |  -nan |  -nan | 100.0 | 435.0
       Dungeon | 100.0 | 100.0 |  -nan |  -nan | 100.0 | 483.3
               +-------+-------+-------+-------+-------+----------------------
